| TOP OF THE 1ST |
|
Birmingham Barons batting - Pitching for Columbus Skeeters : LHP Mark Langston
|
|
Pitching: LHP Mark Langston
|
|
|
Batting: RHB Robin Townley
|
0-0: Ball 1-0: Foul Ball, location: 2F 1-1: Ball 2-1: Foul Ball, location: 2F 2-2: Ground out 3-1 (Groundball, 34, EV 85.6 MPH)
|
|
Batting: RHB Bob Bathe
|
0-0: Ball 1-0: Called Strike 1-1: Ground out 4-3 (Groundball, 4, EV 85.6 MPH)
|
|
Batting: RHB Daniel Johnson
|
0-0: Ball 1-0: Called Strike 1-1: Ground out 5-3 (Groundball, 56S, EV 90.6 MPH)
|
| Top of the 1st over - 0 runs, 0 hits, 0 errors, 0 left on base; Birmingham 0 - Columbus 0 |
| BOTTOM OF THE 1ST |
|
Columbus Skeeters batting - Pitching for Birmingham Barons : RHP Lucien Buonaiuti
|
|
Pitching: RHP Lucien Buonaiuti
|
|
|
Batting: RHB Randolph Ebersberger
|
0-0: Called Strike 0-1: TRIPLE (Line Drive, 78XD, EV 106.3 MPH)
|
|
Batting: RHB Heri Ramirez
|
0-0: Swinging Strike 0-1: Called Strike 0-2: Strikes out swinging
|
|
Batting: RHB Venoy Garrison
|
0-0: Called Strike 0-1: Ball 1-1: Fly out, F3 (Popup, 3F, EV 75.6 MPH)
|
|
Batting: LHB Sam Horn
|
0-0: Ball 1-0: Foul Ball, location: 2F 1-1: Ball 2-1: Called Strike 2-2: Ball 3-2: Base on Balls
|
|
Batting: RHB Joe Redfield
|
0-0: Ball 1-0: SINGLE (Groundball, 6MD, EV 94.4 MPH) Randolph Ebersberger scores Sam Horn to second Runner from 2nd tries for 3rd, SAFE, throw by CF made to third
|
|
Batting: LHB John Weller
|
0-0: Called Strike 0-1: SINGLE (Groundball, 4MD, EV 105.0 MPH) Sam Horn scores Joe Redfield to second Runner from 2nd tries for 3rd, SAFE, no throw by CF
|
|
Batting: RHB Danny Sheaffer
|
0-0: Ball 1-0: Ball 2-0: TRIPLE (Line Drive, 9LD, EV 104.4 MPH) Joe Redfield scores John Weller scores
|
|
Batting: LHB Jay Erdahl
|
0-0: Called Strike 0-1: Swinging Strike 0-2: Foul Ball, location: 2F 0-2: Strikes out swinging
|
| Bottom of the 1st over - 4 runs, 4 hits, 0 errors, 1 left on base; Birmingham 0 - Columbus 4 |
| TOP OF THE 2ND |
|
Birmingham Barons batting - Pitching for Columbus Skeeters : LHP Mark Langston
|
|
Batting: RHB Thomas Echstenkamper
|
0-0: Ball 1-0: Foul Ball, location: 2F 1-1: Ball 2-1: Foul Ball, location: 2F 2-2: Strikes out swinging
|
|
Batting: LHB Vernon Ramie
|
0-0: Foul Ball, location: 2F 0-1: Ground out 4-3 (Groundball, 4MS, EV 71.9 MPH)
|
|
Batting: RHB Timothy Tveit
|
0-0: Called Strike 0-1: Ball 1-1: Ball 2-1: Swinging Strike 2-2: Strikes out swinging
|
| Top of the 2nd over - 0 runs, 0 hits, 0 errors, 0 left on base; Birmingham 0 - Columbus 4 |
| BOTTOM OF THE 2ND |
|
Columbus Skeeters batting - Pitching for Birmingham Barons : RHP Lucien Buonaiuti
|
|
Batting: SHB Mike Howard
|
0-0: Called Strike 0-1: Ball 1-1: Ball 2-1: Foul Ball, location: 2F 2-2: Reached on error, E3 (Groundball, 34, EV 106.9 MPH)
|
|
Batting: RHB Randolph Ebersberger
|
0-0: Ball 1-0: Ball 2-0: Ball 3-0: Base on Balls Mike Howard to second
|
|
Batting: RHB Heri Ramirez
|
0-0: Ball 1-0: Ball 2-0: Swinging Strike 2-1: Ball 3-1: Base on Balls Mike Howard to third Randolph Ebersberger to second
|
|
Batting: RHB Venoy Garrison
|
0-0: Grounds into double play, 6-4-3 (Groundball, 6, EV 86.3 MPH) Mike Howard scores Randolph Ebersberger to third
|
|
Batting: LHB Sam Horn
|
0-0: Called Strike 0-1: Hit by Pitch
|
|
Batting: RHB Joe Redfield
|
0-0: Ball 1-0: Called Strike 1-1: Ground out 1-3 (Groundball, 13S, EV 66.9 MPH)
|
| Bottom of the 2nd over - 1 run, 0 hits, 1 error, 2 left on base; Birmingham 0 - Columbus 5 |
| TOP OF THE 3RD |
|
Birmingham Barons batting - Pitching for Columbus Skeeters : LHP Mark Langston
|
|
Batting: SHB Giampietro Pasquetto
|
0-0: Called Strike 0-1: Ball 1-1: Ground out 6-3 (Groundball, 6, EV 83.8 MPH)
|
|
Batting: RHB Gregory Chandler
|
0-0: Called Strike 0-1: Foul Ball, location: 2F 0-2: Fly out, F8 (Flyball, 8LD, EV 97.5 MPH)
|
|
Batting: SHB James Wallace
|
0-0: Foul Ball, location: 2F 0-1: Swinging Strike 0-2: Foul Ball, location: 2F 0-2: Foul Ball, location: 2F 0-2: Strikes out looking
|
| Top of the 3rd over - 0 runs, 0 hits, 0 errors, 0 left on base; Birmingham 0 - Columbus 5 |
| BOTTOM OF THE 3RD |
|
Columbus Skeeters batting - Pitching for Birmingham Barons : RHP Lucien Buonaiuti
|
|
Batting: LHB John Weller
|
0-0: Ball 1-0: Called Strike 1-1: Ball 2-1: Foul Ball, location: 2F 2-2: Foul Ball, location: 2F 2-2: Foul Ball, location: 2F 2-2: Foul Ball, location: 2F 2-2: SINGLE (Groundball, 6D, EV 100.0 MPH)
|
|
Batting: RHB Danny Sheaffer
|
0-0: Called Strike 0-1: Grounds into double play, 5-4-3 (Groundball, 56, EV 103.1 MPH)
|
|
Batting: LHB Jay Erdahl
|
0-0: Called Strike 0-1: Foul Ball, location: 2F 0-2: Strikes out swinging, 2-3 out at first.
|
| Bottom of the 3rd over - 0 runs, 1 hit, 0 errors, 0 left on base; Birmingham 0 - Columbus 5 |
| TOP OF THE 4TH |
|
Birmingham Barons batting - Pitching for Columbus Skeeters : LHP Mark Langston
|
|
Batting: RHB Robin Townley
|
0-0: Called Strike 0-1: Called Strike 0-2: Fly out, F8 (Flyball, 8LS, EV 81.9 MPH)
|
|
Batting: RHB Bob Bathe
|
0-0: Called Strike 0-1: Called Strike 0-2: Foul Ball, location: 2F 0-2: Ball 1-2: Foul Ball, location: 2F 1-2: Ground out 5-3 (Groundball, 56, EV 78.8 MPH)
|
|
Batting: RHB Daniel Johnson
|
0-0: Called Strike 0-1: Ball 1-1: SINGLE (Groundball, 56D, EV 95.0 MPH)
|
|
Batting: RHB Thomas Echstenkamper
|
0-0: Ball 1-0: Ball 2-0: Called Strike 2-1: Fly out, F3 (Popup, 3S, EV 78.1 MPH)
|
| Top of the 4th over - 0 runs, 1 hit, 0 errors, 1 left on base; Birmingham 0 - Columbus 5 |
| BOTTOM OF THE 4TH |
|
Columbus Skeeters batting - Pitching for Birmingham Barons : RHP Lucien Buonaiuti
|
|
Batting: SHB Mike Howard
|
0-0: Called Strike 0-1: Ground out 4-3 (Groundball, 4D, EV 105.0 MPH)
|
|
Batting: RHB Randolph Ebersberger
|
0-0: Called Strike 0-1: Fly out, F7 (Flyball, 78D, EV 98.8 MPH)
|
|
Batting: RHB Heri Ramirez
|
0-0: SINGLE (Line Drive, 9S, EV 96.9 MPH)
|
|
Batting: RHB Venoy Garrison
|
0-0: Foul Ball, location: 2F 0-1: Ball 1-1: Ball 2-1: Swinging Strike 2-2: Strikes out looking
|
| Bottom of the 4th over - 0 runs, 1 hit, 0 errors, 1 left on base; Birmingham 0 - Columbus 5 |
| TOP OF THE 5TH |
|
Birmingham Barons batting - Pitching for Columbus Skeeters : LHP Mark Langston
|
|
Batting: LHB Vernon Ramie
|
0-0: Fly out, F8 (Flyball, 78D, EV 98.1 MPH)
|
|
Batting: RHB Timothy Tveit
|
0-0: Called Strike 0-1: Called Strike 0-2: Strikes out swinging
|
|
Batting: SHB Giampietro Pasquetto
|
0-0: Ball 1-0: Ball 2-0: Foul Ball, location: 2F 2-1: Foul Ball, location: 2F 2-2: Ground out 6-3 (Groundball, 6, EV 99.4 MPH)
|
| Top of the 5th over - 0 runs, 0 hits, 0 errors, 0 left on base; Birmingham 0 - Columbus 5 |
| BOTTOM OF THE 5TH |
|
Columbus Skeeters batting - Pitching for Birmingham Barons : RHP Lucien Buonaiuti
|
|
Batting: LHB Sam Horn
|
0-0: Foul Ball, location: 2F 0-1: Fly out, F7 (Flyball, 78M, EV 83.8 MPH)
|
|
Batting: RHB Joe Redfield
|
0-0: Ball 1-0: Ball 2-0: Ball 3-0: Called Strike 3-1: Ground out 6-3 (Groundball, 6, EV 83.8 MPH)
|
|
Batting: LHB John Weller
|
0-0: Ball 1-0: Ball 2-0: Ball 3-0: Swinging Strike 3-1: Base on Balls
|
|
Batting: RHB Danny Sheaffer
|
0-0: Ball 1-0: Foul Ball, location: 2F 1-1: Ball 2-1: Called Strike 2-2: Foul Ball, location: 2F 2-2: Fly out, F8 (Flyball, 89D, EV 95.6 MPH)
|
| Bottom of the 5th over - 0 runs, 0 hits, 0 errors, 1 left on base; Birmingham 0 - Columbus 5 |
| TOP OF THE 6TH |
|
Birmingham Barons batting - Pitching for Columbus Skeeters : LHP Mark Langston
|
|
Batting: RHB Gregory Chandler
|
0-0: Called Strike 0-1: Ball 1-1: Ball 2-1: Foul Ball, location: 2F 2-2: Foul Ball, location: 2F 2-2: Strikes out looking
|
|
Batting: SHB James Wallace
|
0-0: Ball 1-0: Called Strike 1-1: Foul Ball, location: 2F 1-2: Ball 2-2: Ball 3-2: Fly out, F9 (Flyball, 89M, EV 88.1 MPH)
|
|
Batting: RHB Robin Townley
|
0-0: Fly out, F8 (Flyball, 78D, EV 93.1 MPH)
|
| Top of the 6th over - 0 runs, 0 hits, 0 errors, 0 left on base; Birmingham 0 - Columbus 5 |
| BOTTOM OF THE 6TH |
|
Columbus Skeeters batting - Pitching for Birmingham Barons : RHP Lucien Buonaiuti
|
|
Batting: LHB Jay Erdahl
|
0-0: Ball 1-0: Ball 2-0: Ball 3-0: Base on Balls
|
|
Batting: SHB Mike Howard
|
0-0: Called Strike 0-1: Swinging Strike 0-2: Foul Ball, location: 2F 0-2: Ball 1-2: DOUBLE (Flyball, 78D, EV 90.0 MPH) Jay Erdahl to third
|
|
Batting: RHB Randolph Ebersberger
|
0-0: Called Strike 0-1: Ball 1-1: SINGLE (Groundball, 56D, EV 105.6 MPH) Jay Erdahl scores Mike Howard to third Runner from 3rd tries for Home, SAFE, throw by LF to home
|
|
Pitching: RHP Jay Kibbe
|
|
|
Batting: RHB Heri Ramirez
|
0-0: Foul Ball, location: 2F 0-1: Called Strike 0-2: Ball 1-2: Ball 2-2: Foul Ball, location: 2F 2-2: Foul Ball, location: 2F 2-2: Grounds into double play, 5-4-3 (Groundball, 56, EV 82.5 MPH)
|
|
Batting: RHB Venoy Garrison
|
0-0: Ball 1-0: SOLO HOME RUN (Flyball, 7LD, EV 100.0 MPH), Distance : 350 ft
|
|
Batting: LHB Sam Horn
|
0-0: Called Strike 0-1: Foul Ball, location: 2F 0-2: Ball 1-2: Fly out, F8 (Flyball, 8LM, EV 84.4 MPH)
|
| Bottom of the 6th over - 3 runs, 3 hits, 0 errors, 0 left on base; Birmingham 0 - Columbus 8 |
| TOP OF THE 7TH |
|
Birmingham Barons batting - Pitching for Columbus Skeeters : LHP Mark Langston
|
|
Batting: RHB Bob Bathe
|
0-0: Called Strike 0-1: Ball 1-1: SINGLE (Line Drive, 6D, EV 94.4 MPH)
|
|
Batting: RHB Daniel Johnson
|
0-0: Foul Ball, location: 2F 0-1: Foul Ball, location: 2F 0-2: Ball 1-2: Foul Ball, location: 2F 1-2: Ball 2-2: Strikes out looking
|
|
Batting: RHB Thomas Echstenkamper
|
0-0: Ball 1-0: Called Strike 1-1: Foul Ball, location: 2F 1-2: Strikes out swinging
|
|
Batting: LHB Vernon Ramie
|
0-0: Ball 1-0: Foul Ball, location: 2F 1-1: Called Strike 1-2: Foul Ball, location: 2F 1-2: Strikes out swinging
|
| Top of the 7th over - 0 runs, 1 hit, 0 errors, 1 left on base; Birmingham 0 - Columbus 8 |
| BOTTOM OF THE 7TH |
|
Columbus Skeeters batting - Pitching for Birmingham Barons : RHP Jay Kibbe
|
|
Pinch Hitting: RHB Dave White
|
0-0: Ball 1-0: Swinging Strike 1-1: Ball 2-1: Foul Ball, location: 2F 2-2: Foul Ball, location: 2F 2-2: Foul Ball, location: 2F 2-2: Foul Ball, location: 2F 2-2: Reached on error, E3 (Groundball, 34, EV 103.1 MPH)
|
|
Pinch Hitting: RHB Craig Adams
|
0-0: Fly out, F9 (Flyball, 9LS, EV 88.8 MPH)
|
|
Batting: RHB Danny Sheaffer
|
0-0: Grounds into double play, 6-4-3 (Groundball, 6, EV 83.1 MPH)
|
| Bottom of the 7th over - 0 runs, 0 hits, 1 error, 0 left on base; Birmingham 0 - Columbus 8 |
| TOP OF THE 8TH |
|
Birmingham Barons batting - Pitching for Columbus Skeeters : LHP Mark Langston
|
|
Now at 3B: Dave White
|
|
|
Now in RF: Craig Adams
|
|
|
Batting: RHB Timothy Tveit
|
0-0: Called Strike 0-1: Ball 1-1: Ball 2-1: Swinging Strike 2-2: Strikes out swinging
|
|
Batting: SHB Giampietro Pasquetto
|
0-0: Ball 1-0: Ball 2-0: Foul Ball, location: 2F 2-1: DOUBLE (Line Drive, 5D, EV 108.1 MPH)
|
|
Batting: RHB Gregory Chandler
|
0-0: Ball
|
|
|
|
|
|
1-0: Foul Ball, location: 2F 1-1: Foul Ball, location: 2F 1-2: SINGLE (Flyball, 8LS, EV 86.3 MPH) Giampietro Pasquetto to third
|
|
Batting: SHB James Wallace
|
0-0: Ball 1-0: Foul Ball, location: 2F 1-1: Fly out, F7 (Flyball, 7LM, EV 73.8 MPH)
|
|
Batting: RHB Robin Townley
|
0-0: Called Strike 0-1: Ball 1-1: Swinging Strike 1-2: Ball 2-2: Ball 3-2: Base on Balls Gregory Chandler to second
|
|
Batting: RHB Bob Bathe
|
0-0: Ball 1-0: Called Strike 1-1: Swinging Strike 1-2: Strikes out swinging
|
| Top of the 8th over - 0 runs, 2 hits, 0 errors, 3 left on base; Birmingham 0 - Columbus 8 |
| BOTTOM OF THE 8TH |
|
Columbus Skeeters batting - Pitching for Birmingham Barons : RHP Jay Kibbe
|
|
Batting: LHB Jay Erdahl
|
0-0: Called Strike 0-1: Swinging Strike 0-2: Ball 1-2: Strikes out looking
|
|
Batting: SHB Mike Howard
|
0-0: Ball 1-0: Ball 2-0: Swinging Strike 2-1: Called Strike 2-2: Foul Ball, location: 2F 2-2: Fly out, F6 (Flyball, 56D, EV 90.6 MPH)
|
|
Pinch Hitting: RHB Randy Kaczmarski
|
0-0: Called Strike 0-1: Ball 1-1: Ball 2-1: Called Strike 2-2: Ball 3-2: Base on Balls
|
|
Batting: RHB Heri Ramirez
|
0-0: Ball 1-0: Fly out, F8 (Line Drive, 8RD, EV 95.0 MPH)
|
| Bottom of the 8th over - 0 runs, 0 hits, 0 errors, 1 left on base; Birmingham 0 - Columbus 8 |
| TOP OF THE 9TH |
|
Birmingham Barons batting - Pitching for Columbus Skeeters : LHP Mark Langston
|
|
Now at SS: Randy Kaczmarski
|
|
|
Batting: RHB Daniel Johnson
|
0-0: Swinging Strike 0-1: Ball 1-1: Ball 2-1: Called Strike 2-2: Foul Ball, location: 2F 2-2: Ball 3-2: Strikes out swinging
|
|
Batting: RHB Thomas Echstenkamper
|
0-0: Ball 1-0: Fly out, F8 (Flyball, 8RD, EV 100.6 MPH)
|
|
Batting: LHB Vernon Ramie
|
0-0: Swinging Strike 0-1: Ball 1-1: Swinging Strike 1-2: Ball 2-2: Strikes out swinging
|
| Top of the 9th over - 0 runs, 0 hits, 0 errors, 0 left on base; Birmingham 0 - Columbus 8 |
 |
|
Friday, July 31st, 2020 - OOTP Baseball 21.5 Build 76
|
|